 Dungeon Crawl Stone Soup version 0.29.1-12-g30fa7ad0bf (webtiles) character file.

Game seed: 5056964612633302051

23573 GeoRichter the Geomancer (level 13, -24/79 HPs)
             Began as an Octopode Air Elementalist on Dec 18, 2022.
             Was an Initiate of Gozag.
             Killed from afar by a will-o-the-wisp (32 damage)
             ... with a foxfire
             ... on level 3 of the Lair of Beasts.
             The game lasted 00:37:42 (22648 turns).

GeoRichter the Geomancer (OpAE)                    Turns: 22648, Time: 00:37:43

Health: -24/79     AC:  3    Str:  8    XL:     13   Next: 7%
Magic:  1/26       EV: 30    Int: 28    God:    Gozag
Gold:   881        SH:  0    Dex: 18    Spells: 16/31 levels left

rFire   . . .      SeeInvis +   k - staff of earth
rCold   + . .      Faith    .   (no shield)
rNeg    + + +      Spirit   .   A - +2 hat
rPois   .          Reflect  .   E - amulet of the acrobat
rElec   .          Harm     .   f - ring of protection from cold
rCorr   +          Rampage  .   o - ring of resist corrosion
Will    +....                   p - +4 ring of slaying
Stlth   ++++......              L - ring of positive energy
HPRegen 0.23/turn               M - +6 ring of intelligence
MPRegen 0.20/turn               N - ring of Xamessa {Drain rN+++ Will+ Dex+6 SInv}
                                P - ring of wizardry
                                (no ring)

@: gold aura, acrobatic
A: almost no armour, amphibious, 8 rings, camouflage 1, gelatinous body 1,
(nimble swimmer 1), tentacles
a: Renounce Religion, Potion Petition, Call Merchant, Bribe Branch


You were on level 3 of the Lair of Beasts.
You worshipped Gozag.
Gozag was pleased with you.
You visited 3 branches of the dungeon, and saw 14 of its levels.

You collected 2955 gold pieces.
You spent 1262 gold pieces at shops.
You paid 812 gold pieces to Gozag.

Inventory:

Hand Weapons
 K - the +4 long sword "Lothrun" {antimagic, Contam rPois Str+2 Dex+7}
   (You took it off an orc warrior on level 9 of the Dungeon)

   It reduces the magical energy of the wielder, and disrupts the spells and
   magical abilities of those it strikes.
   Natural abilities and divine invocations are not affected.
   Str:       It affects your strength (+2).
   Dex:       It affects your dexterity (+7).
   rPois:     It protects you from poison.
   Contam:    It causes magical contamination when unequipped.
Missiles
 G - 4 throwing nets {!f}
Armour
 A - a +2 hat (worn)
   (You found it on level 5 of the Dungeon)
Magical Staves
 k - a staff of earth (weapon)
   (You found it on level 2 of the Dungeon)
Jewellery
 f - a ring of protection from cold (left tentacle)
   (You found it on level 1 of the Dungeon)
 o - a ring of resist corrosion (right tentacle)
   (You found it on level 2 of the Dungeon)
 p - a +4 ring of slaying (on tentacle)
   (You found it on level 3 of the Dungeon)
 E - an amulet of the acrobat (around mantle)
   (You found it on level 7 of the Dungeon)
 L - a ring of positive energy (on tentacle)
   (You found it on level 9 of the Dungeon)
 M - a +6 ring of intelligence (on tentacle)
   (You bought it in a shop on level 10 of the Dungeon)
 N - the ring of Xamessa (on tentacle) {Drain rN+++ Will+ Dex+6 SInv}
   (You bought it in a shop on level 10 of the Dungeon)

   [ring of willpower]

   Dex:       It affects your dexterity (+6).
   rN:        It renders you almost immune to negative energy.
   SInv:      It lets you see invisible.
   Drain:     It drains your maximum health when unequipped.
   Will:      It increases your willpower.
 P - a ring of wizardry (on tentacle)
   (You found it on level 10 of the Dungeon)
Wands
 s - a wand of polymorph (16)
   (You took it off Terence on level 3 of the Dungeon)
 F - a wand of light (10)
   (You took it off Grum on level 8 of the Dungeon)
 H - a wand of roots (7)
   (You took it off a gnoll on level 8 of the Dungeon)
Scrolls
 b - a scroll of blinking
 d - 2 scrolls of teleportation {@r4}
 e - 7 scrolls of vulnerability {!r}
 g - a scroll of immolation {!r}
 h - 3 scrolls of noise {!r}
 i - a scroll of enchant weapon
 j - 2 scrolls of fear
 l - 5 scrolls of enchant armour
 m - 2 scrolls of identify {@r1}
 n - a scroll of magic mapping
 t - 2 scrolls of poison {!r}
 u - 4 scrolls of butterflies
Potions
 c - 2 potions of flight
 r - 6 potions of brilliance
 v - 2 potions of heal wounds {@q2}
 w - 3 potions of lignification {unknown}
 x - a potion of haste {unknown}
 z - a potion of mutation {unknown}
 B - 2 potions of might {unknown}
 C - 2 potions of berserk rage
 D - 3 potions of attraction {unknown}
 I - 2 potions of resistance {unknown}
 J - 5 potions of curing {@q1}
 O - 8 potions of ambrosia


   Skills:
 + Level 4.0 Fighting
 + Level 4.5 Dodging
 - Level 5.0 Stealth
 + Level 9.8 Spellcasting
 + Level 10.5 Conjurations
 - Level 10.0 Air Magic
 * Level 11.3 Earth Magic


You had 16 spell levels left.
You knew the following spells:

 Your Spells              Type           Power      Damage    Failure   Level
b - Static Discharge      Conj/Air       63%        3-11/arc  1%          2
c - Mephitic Cloud        Conj/Pois/Air  51%        N/A       1%          3
d - Airstrike             Air            31%        2d(5-21)  1%          4
e - Iron Shot             Conj/Erth      42%        9d8       2%          6

Your spell library contained the following spells:

 Spells                   Type           Power      Damage    Failure   Level
 Freeze                   Ice            52%        1d7       1%          1
 Magic Dart               Conj           100%       1d8       1%          1
 Shock                    Conj/Air       100%       1d9       1%          1
 Summon Small Mammal      Summ           52%        N/A       1%          1
 Dazzling Flash           Conj/Hex       86%        N/A       1%          3
 Swiftness                Air            62%        N/A       1%          3
 Hailstorm                Conj/Ice       43%        3d10      1%          4
 Iskenderun's Mystic Bla  Conj/Tloc      43%        2d10      1%          4
 Iskenderun's Battlesphe  Conj           64%        2d11      1%          5
 Call Imp                 Summ           13%        N/A       2%          2
 Sublimation of Blood     Necr           13%        N/A       2%          2
 Wereblood                Tmut           13%        N/A       2%          2
 Freezing Cloud           Conj/Ice/Air   25%        6-21      2%          5
 Call Canine Familiar     Summ           13%        N/A       4%          3
 Frozen Ramparts          Ice            26%        1d4       4%          3
 Summon Guardian Golem    Hex/Summ       13%        N/A       4%          3
 Starburst                Conj/Fire      21%        6d7       28%         6
 Spellforged Servitor     Conj/Summ      21%        N/A       82%         7
 Summon Hydra             Summ           6%         N/A       100%        7
 Polar Vortex             Ice            6%         N/A       100%        9
 Simulacrum               Ice/Necr       Unusable   N/A       N/A         6

Dungeon Overview and Level Annotations

Branches:
Dungeon (10/15) Zot: 24546  Temple (1/1) D:4 Zot: 5895    Lair (3/5) D:10 Zot: 14563
  Swamp (0/4) Lair:3        Snake (0/4) Lair:2
    Orc: D:9-12

Altars:
Ashenzari
Cheibriados
Dithmenos
Elyvilon
Gozag
Hepliaklqana
Kikubaaqudgha
Makhleb
Nemelex Xobeh
Okawaru
Qazlal
Ru
Sif Muna
Trog
Uskayaw
Vehumet
Wu Jian
Xom
Yredelemnul
Zin
The Shining One

Shops:
D:6 [[   D:10 =(![=[

Annotations:
D:3 3 runed translucent doors, ripuliukko's ghost, weakling GrEE
D:4 1 transporter, ripuliukko's ghost, amateur GrEE
D:5 1 runed translucent door
Lair:2 2 transporters, matvey144's ghost, journeyman MiFi


Innate Abilities, Weirdness & Mutations

You cannot wear most types of armour.
You are amphibious.
You can wear up to eight rings at the same time.
Your skin changes colour to match your surroundings (Stealth+).
Your rubbery body absorbs attacks. (AC +1, EV +1)
((You are camouflaged when in or above water. (Stealth+)))
You have tentacles for arms and can constrict up to eight enemies at once.


Message History

The torpor snail bites you!!
The yak is distracted by your dazzling golden aura.
The yak bellows!
The water moccasin hisses angrily.
You feel a surge of power!
The iron shot hits the eight-headed hydra!!!
You kill the eight-headed hydra!
The torpor snail closely misses you.
The torpor snail is struck by an arc of lightning!
You are struck by an arc of lightning.
The lightning grounds out.
The yak is no longer distracted by gold. x2
The torpor snail bites you.
* * * LOW HITPOINT WARNING * * *
The torpor snail is struck by an arc of lightning!
You are struck by an arc of lightning.
* * * LOW HITPOINT WARNING * * *
The torpor snail is struck by an arc of lightning!
You kill the torpor snail!
You are struck by an arc of lightning.
* * * LOW HITPOINT WARNING * * *
You feel yourself speed up.
The yak is distracted by your dazzling golden aura.
As you read the scroll of teleportation {@r4}, it crumbles to dust.
You feel strangely unstable.
The water moccasin is no longer distracted by gold.
The water moccasin is distracted by your dazzling golden aura.
Aim: a water moccasin (water, unaware, hasn't noticed you, 60% to hit)
You feel a surge of power!
The iron shot hits the water moccasin!!!
You kill the water moccasin!
The yak is no longer distracted by gold.
The yak is distracted by your dazzling golden aura.
Your Fighting skill increases to level 4!
Aim: a yak (85% to hit)
You feel a surge of power!
The iron shot hits the yak!!!
You kill the yak!
The yak bellows!
The yak is distracted by your dazzling golden aura. x2
You start resting.
Your surroundings suddenly seem different.
A will-o-the-wisp comes into view.
Found a staircase to the Swamp.
The will-o-the-wisp gives a chilling moan.
The will-o-the-wisp gestures.
The will-o-the-wisp conjures some foxfire! 2 foxfires come into view.
The foxfire hits you!!
* * * LOW HITPOINT WARNING * * *
The foxfire hits you!!
You die...
Your body crumbles into a pile of gold.

..######P..#.#
.............##
..............#
.............#
.............# #
.............#.#
..............#
.......@.....#
.......v§....#
.......§.§.§§#
........§.§§§#
........§§.v.#
........§.§§§#
........§§.§.#
....#......§.§
..........§§##


You could see a will-o-the-wisp.

Vanquished Creatures
  A hydra (Lair:3)
  2 two-headed ogres (D:9)
  3 elephants (Lair:2)
  The ghost of ChadusMaximus the Covered, a novice MiFi of Okawaru (D:5)
  A gargoyle (D:10)
  A torpor snail (Lair:3)
  6 cane toads
  A komodo dragon (Lair:2)
  2 rime drakes
  A troll (D:9)
  A queen bee (D:10)
  3 polar bears
  4 dream sheep (Lair:1)
  10 blink frogs
  Sigmund (D:5)
  2 wyverns
  A shadow (D:10)
  Eustachio (D:5)
  31 yaks
  Grum (D:8)
  A basilisk (Lair:1)
  Edmund (D:6)
  An acid dragon (D:9)
  A naga (Lair:2)
  11 water moccasins
  Duvessa (D:6)
  4 orc warriors
  2 ogres
  An ice beast (D:8)
  3 black bears
  3 sky beasts
  11 centaurs
  3 wolves (D:8)
  3 phantoms
  2 kobold brigands
  Blork the orc (D:5)
  2 gnoll sergeants
  8 bullfrogs
  6 scorpions
  8 wights
  2 necrophages
  Dowan (D:6)
  29 killer bees
  3 howler monkeys
  A crimson imp (D:5)
  A hound (D:6)
  4 jellies
  4 orc priests
  2 gnoll boudas
  Crazy Yiuf (D:4)
  Terence (D:3)
  2 iguanas
  6 orc wizards
  20 gnolls
  9 adders
  An ufetubus (D:6)
  3 worms
  4 dart slugs
  28 orcs
  6 endoplasms
  2 giant cockroaches
  34 goblins
  27 hobgoblins
  7 jackals
  4 quokkas
  8 ball pythons
  6 bats
  A goblin skeleton (D:5)
  3 goblin zombies (D:5)
  3 hobgoblin zombies (D:5)
  19 kobolds
  A kobold skeleton (D:5)
  A kobold zombie (D:5)
  3 orc skeletons (D:5)
  An orc zombie (D:5)
  6 rats
401 creatures vanquished.

Vanquished Creatures (others)
  A foxfire (Lair:3)
  4 fungi
  5 plants
10 creatures vanquished.

Grand Total: 411 creatures vanquished

Notes
Turn   | Place    | Note
-------+----------+-------------------------------------------
     0 | D:1      | GeoRichter the Octopode Air Elementalist began the quest
                  | for the Orb.
     0 | D:1      | Reached XP level 1. HP: 11/11 MP: 3/3
   452 | D:1      | Reached XP level 2. HP: 17/17 MP: 3/5
  1288 | D:1      | Learned a level 2 spell: Static Discharge
  1383 | D:2      | Reached XP level 3. HP: 21/21 MP: 2/6
  2525 | D:3      | Reached XP level 4. HP: 27/27 MP: 0/7
  2724 | D:3      | Identified the +1 ring mail "Kedd" {rC+}
  2852 | D:3      | Found a runed translucent gate.
  2853 | D:3      | Found a runed translucent gate.
  2854 | D:3      | Found a runed translucent gate.
  2856 | D:3      | Noticed ripuliukko's ghost (weakling GrEE)
  3242 | D:3      | Reached XP level 5. HP: 31/31 MP: 4/9
  3370 | D:3      | Found a broken altar of Ashenzari.
  3434 | D:3      | Noticed Terence
  3438 | D:3      | Killed Terence
  3937 | D:3      | Reached skill level 5 in Air Magic
  4239 | D:3      | Reached XP level 6. HP: 27/36 MP: 4/10
  5221 | D:3      | Learned a level 3 spell: Mephitic Cloud
  5226 | D:3      | Learned a level 4 spell: Airstrike
  5227 | D:4      | Found Ubbay's General Store.
  5288 | D:4      | Identified the +4 ring mail "Guakha" {Rampage rPois Int+4
                  | Dex+3}
  5492 | D:4      | Found a transporter.
  5496 | D:4      | Noticed ripuliukko's ghost (amateur GrEE)
  5693 | D:4      | Reached XP level 7. HP: 28/41 MP: 4/12
  5842 | D:4      | Found a stormy altar of Qazlal.
  5985 | D:4      | Found a staircase to the Ecumenical Temple.
  6051 | Temple   | Entered the Ecumenical Temple
  6133 | Temple   | Became a worshipper of Gozag Ym Sagoz the Greedy
  6211 | D:4      | Found a runed translucent door.
  6212 | D:4      | Noticed Crazy Yiuf
  6469 | D:4      | Killed Crazy Yiuf
  6602 | D:5      | Entered Level 5 of the Dungeon
  6652 | D:5      | Found a runed translucent door.
  6653 | D:5      | Noticed ChadusMaximus's ghost (novice MiFi)
  6732 | D:5      | Found a glowing golden altar of the Shining One.
  6868 | D:5      | Noticed Blork the orc
  6953 | D:5      | Killed Blork the orc
  7133 | D:5      | Reached XP level 8. HP: 25/46 MP: 6/14
  7650 | D:5      | Noticed Sigmund
  7662 | D:5      | Killed Sigmund
  7929 | D:5      | Found a runed translucent door.
  7958 | D:5      | Reached skill level 5 in Conjurations
  8151 | D:5      | Reached skill level 5 in Spellcasting
  8268 | D:5      | Noticed Eustachio
  8281 | D:5      | Killed Eustachio
  8837 | D:5      | Reached XP level 9. HP: 47/51 MP: 11/16
  8844 | D:5      | Killed ChadusMaximus's ghost
  9249 | D:6      | Found a white marble altar of Elyvilon.
  9353 | D:6      | Noticed Edmund
  9366 | D:6      | Killed Edmund
  9515 | D:6      | Found Heinrich's Dragon-Slaying Spoils.
  9897 | D:6      | Found Cythruudd's Antique Armour Boutique.
 10370 | D:7      | Noticed Duvessa
 10372 | D:7      | Noticed Dowan
 10388 | D:6      | Killed Duvessa
 10393 | D:6      | Reached skill level 10 in Air Magic
 10396 | D:6      | Killed Dowan
 10694 | D:7      | Reached skill level 1 in Earth Magic
 10773 | D:7      | Reached skill level 1 in Fighting
 10773 | D:7      | Reached XP level 10. HP: 46/58 MP: 7/19
 10946 | D:7      | Reached skill level 2 in Earth Magic
 11668 | D:7      | Found a bloodstained altar of Trog.
 11695 | D:7      | Reached skill level 3 in Earth Magic
 11780 | D:7      | Found a shimmering blue altar of Sif Muna.
 11788 | D:7      | Found a hazy altar of Hepliaklqana.
 11788 | D:7      | Found a basalt altar of Yredelemnul.
 11795 | D:7      | Found an iron altar of Okawaru.
 12675 | D:8      | Noticed Grum
 12714 | D:8      | Killed Grum
 12896 | D:8      | Reached skill level 4 in Earth Magic
 12903 | D:8      | Learned a level 6 spell: Iron Shot
 12921 | D:8      | Found a burning altar of Makhleb.
 14165 | D:8      | Reached skill level 5 in Earth Magic
 14712 | D:9      | Identified the +4 long sword "Lothrun" {antimagic, Contam
                  | rPois Str+2 Dex+7}
 15037 | D:9      | Noticed a two-headed ogre
 15042 | D:9      | Killed a two-headed ogre
 15043 | D:9      | Reached skill level 6 in Earth Magic
 15043 | D:9      | Reached XP level 11. HP: 64/64 MP: 4/22
 15214 | D:9      | Found a glowing silver altar of Zin.
 15802 | D:9      | Noticed a two-headed ogre
 15808 | D:9      | Killed a two-headed ogre
 15809 | D:9      | Reached skill level 7 in Earth Magic
 16772 | D:10     | Entered Level 10 of the Dungeon
 16790 | D:10     | Found a staircase to the Lair.
 16821 | D:10     | Found Toum's Jewellery Boutique.
 16841 | D:10     | Bought a +6 ring of intelligence for 360 gold pieces
 16841 | D:10     | Bought the ring of Xamessa {Drain rN+++ Will+ Dex+6 SInv}
                  | for 642 gold pieces
 17166 | D:10     | Found Zuyh Tui's Armour Emporium.
 17261 | D:10     | Reached skill level 8 in Earth Magic
 17838 | D:10     | Found Tionu's Antique Armour Boutique.
 18383 | D:10     | Reached skill level 9 in Earth Magic
 18543 | D:10     | Found Zaewn's Jewellery Shop.
 18568 | D:10     | Found Ovafaref's Distillery.
 18633 | D:10     | Bought a potion of heal wounds for 65 gold pieces
 18633 | D:10     | Bought a potion of curing for 39 gold pieces
 18633 | D:10     | Bought a potion of curing for 39 gold pieces
 18633 | D:10     | Bought 2 potions of curing for 78 gold pieces
 18633 | D:10     | Bought a potion of curing for 39 gold pieces
 18727 | Lair:1   | Entered Level 1 of the Lair of Beasts
 18894 | Lair:1   | Reached XP level 12. HP: 55/70 MP: 2/24
 19754 | Lair:1   | Reached skill level 10 in Earth Magic
 20151 | Lair:1   | Reached skill level 10 in Conjurations
 21767 | Lair:2   | Found a transporter.
 21774 | Lair:2   | Found a bloodstained altar of Trog.
 21775 | Lair:2   | Found a transporter.
 21779 | Lair:2   | Noticed matvey144's ghost (journeyman MiFi)
 21809 | Lair:2   | Found a staircase to the Snake Pit.
 22410 | Lair:3   | Reached skill level 11 in Earth Magic
 22630 | Lair:3   | Reached skill level 5 in Stealth
 22633 | Lair:3   | Noticed an eight-headed hydra
 22638 | Lair:3   | Reached XP level 13. HP: 72/79 MP: 7/26
 22647 | Lair:3   | Found a staircase to the Swamp.
 22648 | Lair:3   | Killed from afar by a will-o-the-wisp

Illustrated notes

Levels and vault maps discovered:
D:1:      amcnicky_arrival_choice, layout_basic, minmay_misc_feat_ornament
D:2:      layout_basic
D:3:      minmay_goblin_kobold_castle, layout_rooms, evilmike_ruin_ashenzari,
          ebering_ghost_rock_garden, uniq_terence
D:4:      layout_cave_pools, old_standard_altar, minmay_temple_entry_nine_rooms,
          serial_shops, nicolae_shop_temple_entry_statues_fountains,
          gammafunk_ghost_smash, minmay_misc_feat_columns,
          minmay_misc_feat_secret_circle, uniq_crazy_yiuf_cottage
D:5:      layout_gridville, nicolae_tso_besieged_by_evil, ebering_ghost_sewer_f,
          uniq_blork_the_orc, uniq_eustachio, uniq_sigmund
D:6:      layout_cave_pools, elyvilon_altar_1, serial_shops, shop,
          nicolae_shop_dragon_depot, kennysheep_path_1, uniq_edmund
D:7:      layout_cave_pools, kennysheep_mini_moat,
          nicolae_overflow_hallway_of_the_gods, centaur_isle, uniq_duvessa
D:8:      layout_basic, bloody_makhleb, uniq_grum
D:9:      layout_stronghold, zin_academy, minmay_chambers_of_fives
D:10:     layout_roguey [special_room_bee], lair_entry_dummy, serial_shops,
          nicolae_shop_crystal, shop, nicolae_diamond_shop, shop, shop
Temple:   cyrus_temple_forest
Lair:1:   layout_misc_corridors, dreamdust_gnoll_shepherd
Lair:2:   layout_chaotic_city, guppyfry_snake_entry_island,
          gammafunk_ghost_wrathful_warriors, chequers_serial_rivers_large_b
Lair:3:   layout_gridlike, minmay_swamp_entry_wisps,
          chequers_serial_rivers_room_b, nicolae_quartered_pool_impasse,
          lemuel_old_faithful, lemuel_fruit_fields

Skill      XL: |  1  2  3  4  5  6  7  8  9 10 11 12 13 |
---------------+----------------------------------------+-----
Air Magic      | 4 5 6 7 8 10 | 10.0
Conjurations   | 2 3 4 5 6 8 9 10 | 10.5
Spellcasting   | 3 4 5 6 7 8 9 |  9.8
Earth Magic    | 1 6 9 11 | 11.3
Fighting       | 1 2 3 4 |  4.0
Dodging        | 3 4 |  4.5
Stealth        | 5 |  5.0

Action                   |  1- 3 |  4- 6 |  7- 9 | 10-12 | 13-15 || total
-------------------------+-------+-------+-------+-------+-------++-------
Melee: Unarmed           |    27 |    27 |    28 |       |       ||    82
       Tentacles         |     9 |     5 |    11 |     5 |       ||    30
       Constrict         |     6 |     7 |    14 |     6 |       ||    33
       Staff             |       |       |       |    27 |       ||    27
 Cast: Shock             |    75 |   141 |   125 |   110 |       ||   451
       Static Discharge  |     2 |    16 |    45 |   140 |     3 ||   206
       Mephitic Cloud    |       |       |     1 |    16 |       ||    17
       Airstrike         |       |       |    28 |    54 |       ||    82
       Iron Shot         |       |       |       |    47 |     4 ||    51
Invok: Call Merchant     |       |       |       |     1 |       ||     1
Evoke: Wand              |       |       |       |     2 |       ||     2
  Use: Scroll            |       |       |     7 |    13 |     1 ||    21
       Potion            |       |       |     2 |     4 |     1 ||     7
 Stab: Confused          |       |       |       |     2 |       ||     2
       Sleeping          |       |       |       |     1 |       ||     1
Armor: Skin              |     2 |     2 |     7 |    19 |       ||    30
Dodge: Dodged            |    16 |    21 |    32 |   109 |     2 ||   180
